 Dungeon Crawl Stone Soup version 0.26.1-2-gb8aa6d0cf2 (webtiles) character file.

Game seed: 12871940777200730734

56443 krautsourced the Bludgeoner (level 14, -7/137 HPs)
             Began as a Minotaur Berserker on Feb 25, 2021.
             Was the Champion of Trog.
             Mangled by a vampire knight
             ... wielding a +0 war axe
              (22 damage)
             ... on level 1 of the Depths.
             The game lasted 01:09:41 (18000 turns).

krautsourced the Bludgeoner (Minotaur Berserker)   Turns: 18000, Time: 01:09:42

Health: -7/137     AC: 25    Str: 29    XL:     14   Next: 42%
Magic:  13/13      EV: 12    Int:  4    God:    Trog [******]
Gold:   979        SH:  0    Dex: 11    Spells: 13/13 levels left

rFire    . . .     SeeInvis .   N - +6 dire flail (freeze)
rCold    + + .     Faith    .   (shield currently unavailable)
rNeg     + + .     Spirit   .   K - +0 gold dragon scales
rPois    +         Reflect  .   (helmet restricted)
rElec    .         Harm     .   q - +0 cloak
rCorr    .         Rampage  .   G - +0 pair of gloves "Ditofofi" {+Blink rN++}
Will     +....                  F - +0 pair of boots
Stlth    ..........             M - amulet of the acrobat
HPRegen  0.32/turn              j - +4 ring of evasion
MPRegen  0.13/turn              L - ring "Tuumoro" {Ice *Drain rPois Str+3}

@: berserk cooldown, slowed, very slow
A: retaliatory headbutt, horns 2
a: Renounce Religion, Evoke Blink, Berserk, Trog's Hand, Brothers in Arms


You were on level 1 of the Depths.
You worshipped Trog.
Trog was exalted by your worship.
You visited 2 branches of the dungeon, and saw 16 of its levels.

You collected 979 gold pieces.

Inventory:

Hand Weapons
 u - a +4 shortbow of freezing
 N - a +6 dire flail of freezing (weapon)
Missiles
 w - 388 arrows
Armour
 a - a +2 pair of gloves
 q - a +0 cloak (worn)
 F - a +0 pair of boots (worn)
 G - the +0 pair of gloves "Ditofofi" (worn) {+Blink rN++}
   (You found it on level 14 of the Dungeon)

   It greatly protects you from negative energy.
   It lets you blink.
 K - +0 gold dragon scales (worn)
Jewellery
 j - a +4 ring of evasion (left hand)
 m - an uncursed ring of poison resistance
 B - an uncursed ring of flight
 L - the ring "Tuumoro" (right hand) {Ice *Drain rPois Str+3}
   (You found it on level 14 of the Dungeon)

   [ring of ice]

   It enhances your ice magic.
   It affects your strength (+3).
   It makes you vulnerable to fire.
   It protects you from cold.
   It protects you from poison.
   It causes draining when unequipped.
 M - an amulet of the acrobat (around neck)
 Q - an uncursed amulet of faith
 R - an uncursed ring of magical power {unknown}
Wands
 x - a wand of iceblast (45)
 C - a wand of enslavement (9)
 E - a wand of paralysis (14)
 H - a wand of disintegration (7)
 J - a wand of acid (3)
Scrolls
 h - 6 scrolls of fear
 k - 4 scrolls of teleportation
 l - a scroll of amnesia
 n - 4 scrolls of fog
 p - a scroll of identify
 r - 3 scrolls of remove curse
 y - 3 scrolls of blinking
 z - 3 scrolls of magic mapping
 A - a scroll of summoning
 O - a scroll of enchant armour
Potions
 b - 2 potions of heal wounds
 c - 3 potions of flight
 d - a potion of degeneration
 e - 5 potions of might
 f - a potion of haste
 g - 2 potions of attraction
 i - 4 potions of ambrosia {unknown}
 o - 2 potions of resistance
 s - 5 potions of curing
 t - 2 potions of magic
 v - 2 potions of lignification
 D - a potion of cancellation {unknown}
 I - 2 potions of invisibility
 P - a potion of berserk rage {unknown}


   Skills:
 + Level 16.1 Fighting
 + Level 17.8 Maces & Flails
 + Level 2.7 Bows
 + Level 15.9 Armour
 + Level 3.3 Dodging
 + Level 2.9 Stealth
 + Level 0.1 Evocations


You had 13 spell levels left.
You didn't know any spells.
Your spell library contained the following spells:

 Spells                   Type           Power        Failure   Level
 Irradiate                Conj/Tmut      0%           100%        5
 Hydra Form               Tmut           0%           100%        6
 Statue Form              Tmut/Erth      0%           100%        6
 Dragon Form              Tmut           0%           100%        7


Dungeon Overview and Level Annotations

Branches:
Dungeon (15/15)            Temple (0/1) D:5            Lair (0/6) D:10
    Orc (0/2) D:11         Vaults (0/5) D:14         Depths (1/5) D:15

Altars:
Ashenzari
Cheibriados
Dithmenos
Fedhas
Gozag
Makhleb
Trog
Vehumet
Xom

Shops:
D:11 *


Innate Abilities, Weirdness & Mutations

You reflexively headbutt those who attack you in melee.
You have a pair of horns on your head.


Message History

Something hits you but does no damage. Something bites you but does no damage.
The frost giant gestures at you while chanting.
The bolt of cold hits the white very ugly thing.
The white very ugly thing resists.
The bolt of cold hits you! You resist.
* * * LOW HITPOINT WARNING * * *
You impale the white very ugly thing!!
Your headbutt misses the white very ugly thing.
The white very ugly thing is heavily wounded.
You are no longer berserk.
You are exhausted.
You feel yourself slow down.
The deep troll shaman calls upon its god to speed up the deep troll.
The deep troll seems to speed up.
The ettin hits you but does no damage.
The ettin hits you with a +0 dire flail!!
* * * LOW HITPOINT WARNING * * *
You sock the white very ugly thing!
Your headbutt misses the white very ugly thing.
The white very ugly thing is severely wounded.
Something hits you!!
You die...

. ..... #.#. #.........uu..
.....##.#.#.# #.T..#......
...###.#...#.#.#
#................#
###.#.##.#.#.TTuC# ###
....#.........T.u# ...
......######..#u@#.#.###
......# #........C.....#
......###.#.#.#..#.#.#.#
..........#......#.#.#.#
......#####.#..#.#.#.#.####.#
......#.....#.≈#............#
......#.#####.≈≈##.#.#.######
......#.# #≈.≈≈#...#.#...#
#####.#.# ##≈.#≈#...#...#.#


You could see a frost giant, 3 very ugly things, an ettin, 2 deep trolls, a deep
troll earth mage and a deep troll shaman.

Vanquished Creatures
  A lich (Depths:1)
  Roxanne (D:14)
  The ghost of Axipewex the Grappler, a journeyman OgTm of Okawaru (D:14)
  2 very ugly things (Depths:1)
  Josephine (D:12)
  A fire dragon (Depths:1)
  A great orb of eyes (Depths:1)
  2 ogre magi
  The ghost of CryoSword the Fighter, a novice OgBe of Trog (D:9)
  A boulder beetle (D:12)
  Erica (D:10)
  2 centaur warriors
  7 two-headed ogres
  A death knight (D:15)
  A deep troll earth mage (D:14)
  4 skeletal warriors
  The ghost of Quickbrownfox the Ducker, a novice DsGl (D:7)
  A wizard (D:15)
  4 unseen horrors
  A wolf spider zombie (D:15)
  A deep elf archer (D:14)
  A necromancer (D:14)
  A deep elf mage (D:13)
  10 ugly things
  6 cyclopes
  2 orc sorcerers (D:15)
  5 slime creatures
  3 manticores
  2 centaur zombies (D:12)
  A naga mage (D:15)
  3 centaur skeletons
  A gargoyle (D:11)
  Maggie (D:6)
  An efreet (D:14)
  4 kobold demonologists
  2 freezing wraiths (D:15)
  A queen bee (D:14)
  5 trolls
  3 meliai (D:14)
  2 hornets
  Sigmund (D:2)
  6 wraiths
  A shadow (D:7)
  2 wyverns
  Eustachio (D:5)
  4 yaks (D:11)
  2 wargs (D:10)
  2 acid dragons
  5 ice beasts
  10 orc warriors
  3 necrophages
  3 sky beasts
  6 black bears
  2 phantoms
  2 hornet zombies
  3 boggarts (D:14)
  16 ogres
  15 centaurs
  9 big kobolds
  13 bullfrogs
  2 wyvern zombies
  5 scorpions
  A wyvern skeleton (D:10)
  A water moccasin skeleton (D:6)
  43 killer bees
  23 wights
  3 electric eels (D:10)
  5 howler monkeys
  A crimson imp (D:5)
  A quasit (D:11)
  9 hounds
  2 jellies
  A gnoll shaman (D:5)
  7 orc priests
  2 bullfrog skeletons
  4 iguanas
  9 orc wizards
  10 worker ants
  3 hound skeletons
  A mummy (D:6)
  2 howler monkey zombies
  A worker ant zombie (D:8)
  8 gnolls
  12 adders
  3 shadow imps
  3 white imps
  2 ufetubi
  An adder zombie (D:6)
  3 oozes
  An adder skeleton (D:5)
  3 worms
  A dart slug (D:2)
  4 leopard geckos
  49 orcs
  7 bats
  9 giant cockroaches
  11 goblins
  5 hobgoblins
  9 jackals
  A quokka (D:11)
  4 ball pythons
  3 frilled lizards
  12 kobolds
  2 leopard gecko skeletons
  16 rats
501 creatures vanquished.

Vanquished Creatures (others)
  An unseen horror (D:14)
  6 plants
7 creatures vanquished.

Grand Total: 508 creatures vanquished

Notes
Turn   | Place    | Note
-------+----------+-------------------------------------------
     0 | D:1      | krautsourced the Minotaur Berserker began the quest for the
                  | Orb.
     0 | D:1      | Reached XP level 1. HP: 19/19 MP: 0/0
   215 | D:1      | Reached skill level 4 in Maces & Flails
   215 | D:1      | Reached XP level 2. HP: 27/27 MP: 1/1
   322 | D:1      | You fall into a shaft and drop 1 floor!
   679 | D:2      | Reached XP level 3. HP: 33/33 MP: 2/2
   936 | D:1      | Reached ** piety under Trog
  1409 | D:2      | Reached skill level 5 in Maces & Flails
  1409 | D:2      | Reached XP level 4. HP: 34/40 MP: 3/3
  1484 | D:2      | Noticed Sigmund
  1493 | D:2      | Killed Sigmund
  1494 | D:2      | Reached skill level 6 in Maces & Flails
  1494 | D:2      | Reached XP level 5. HP: 47/47 MP: 4/4
  1667 | D:3      | Found a radiant altar of Vehumet.
  1667 | D:3      | Found a broken altar of Ashenzari.
  1685 | D:3      | Reached XP level 6. HP: 55/55 MP: 5/5
  1737 | D:3      | Reached skill level 5 in Fighting
  1836 | D:3      | Reached skill level 1 in Stealth
  1983 | D:3      | Reached *** piety under Trog
  2497 | D:4      | Reached skill level 7 in Maces & Flails
  2574 | D:4      | Reached XP level 7. HP: 47/61 MP: 6/6
  2691 | D:4      | Found a shadowy altar of Dithmenos.
  2896 | D:4      | Reached skill level 5 in Armour
  3054 | D:5      | Entered Level 5 of the Dungeon
  3295 | D:5      | Reached skill level 8 in Maces & Flails
  3373 | D:5      | Found a shimmering altar of Xom.
  3373 | D:5      | Found a burning altar of Makhleb.
  3564 | D:5      | Reached XP level 8. HP: 70/70 MP: 7/7
  3657 | D:5      | Noticed Eustachio
  3670 | D:5      | Reached **** piety under Trog
  3677 | D:5      | Killed Eustachio
  3840 | D:5      | Found a staircase to the Ecumenical Temple.
  4221 | D:6      | Reached skill level 9 in Maces & Flails
  4268 | D:6      | Reached skill level 1 in Bows
  4346 | D:6      | Found an opulent altar of Gozag.
  4402 | D:6      | Noticed Maggie
  4416 | D:6      | Killed Maggie
  4616 | D:6      | Reached XP level 9. HP: 72/79 MP: 8/8
  4732 | D:6      | Found a snail-covered altar of Cheibriados.
  4861 | D:6      | Reached skill level 10 in Maces & Flails
  6217 | D:7      | Found a bloodstained altar of Trog.
  6225 | D:7      | Reached skill level 11 in Maces & Flails
  6228 | D:7      | Reached ***** piety under Trog
  6828 | D:7      | Found a runed translucent door.
  6828 | D:7      | Noticed Quickbrownfox's ghost (novice DsGl)
  6840 | D:7      | Killed Quickbrownfox's ghost
  6841 | D:7      | Reached skill level 12 in Maces & Flails
  6841 | D:7      | Reached XP level 10. HP: 90/90 MP: 9/9
  7698 | D:8      | Reached skill level 10 in Armour
  7715 | D:8      | Found a burning altar of Makhleb.
  8091 | D:9      | Noticed CryoSword's ghost (novice OgBe)
  8092 | D:9      | Found a runed translucent gate.
  8092 | D:9      | Found a runed translucent gate.
  8092 | D:9      | Found a runed translucent gate.
  8108 | D:9      | Found a blossoming altar of Fedhas.
  8218 | D:9      | Reached skill level 13 in Maces & Flails
  9045 | D:9      | Killed CryoSword's ghost
  9046 | D:9      | Reached skill level 10 in Fighting
  9067 | D:9      | Reached XP level 11. HP: 99/99 MP: 10/10
  9227 | D:10     | Entered Level 10 of the Dungeon
  9314 | D:10     | Killed an unseen horror
  9315 | D:10     | Reached skill level 14 in Maces & Flails
  9912 | D:10     | Found a staircase to the Lair.
 10191 | D:10     | Noticed Erica
 10197 | D:10     | Killed Erica
 10209 | D:10     | HP: 2/101 [electric eel/bolt of electricity (4)]
 10633 | D:10     | Received a gift from Trog
 11013 | D:11     | Noticed a cyan ugly thing
 11029 | D:11     | Killed a cyan ugly thing
 11383 | D:11     | Noticed a brown ugly thing
 11402 | D:11     | Killed a brown ugly thing
 11427 | D:11     | Found a staircase to the Orcish Mines.
 11455 | D:11     | Noticed a two-headed ogre
 11468 | D:11     | Killed a two-headed ogre
 11691 | D:11     | Found Syotore's Assorted Antiques.
 11756 | D:11     | Noticed a skeletal warrior
 11757 | D:11     | Noticed a skeletal warrior
 11758 | D:11     | Noticed a skeletal warrior
 11767 | D:11     | Killed a skeletal warrior
 11771 | D:11     | Killed a skeletal warrior
 11782 | D:11     | Killed a skeletal warrior
 11783 | D:11     | Reached XP level 12. HP: 94/111 MP: 11/11
 12109 | D:12     | Reached ****** piety under Trog
 12151 | D:12     | Noticed a boulder beetle
 12179 | D:12     | Reached skill level 15 in Maces & Flails
 12185 | D:12     | Killed a boulder beetle
 12458 | D:12     | Noticed Josephine
 12467 | D:12     | Killed Josephine
 12963 | D:12     | Received a gift from Trog
 13279 | D:13     | Reached skill level 16 in Maces & Flails
 13486 | D:13     | Noticed a centaur warrior
 13490 | D:13     | Killed a centaur warrior
 13517 | D:13     | Reached XP level 13. HP: 123/123 MP: 12/12
 14088 | D:14     | Noticed Roxanne
 14110 | D:14     | Killed Roxanne
 14577 | D:14     | Found a gate to the Vaults.
 14794 | D:14     | Received a gift from Trog
 15168 | D:14     | Got a pair of fading gloves
 15179 | D:14     | Identified the +0 pair of gloves "Ditofofi" {+Blink rN++}
                  | (You found it on level 14 of the Dungeon)
 15462 | D:14     | Noticed Axipewex's ghost (journeyman OgTm)
 15536 | D:14     | Found a runed translucent gate.
 15536 | D:14     | Found a runed translucent gate.
 15536 | D:14     | Found a runed translucent gate.
 15660 | D:14     | Killed Axipewex's ghost
 15661 | D:14     | Reached skill level 17 in Maces & Flails
 15675 | D:14     | Got a brightly glowing glass ring
 15681 | D:14     | Identified the ring "Tuumoro" {Ice *Drain rPois Str+3} (You
                  | found it on level 14 of the Dungeon)
 16063 | D:14     | Reached skill level 15 in Fighting
 16507 | D:15     | Entered Level 15 of the Dungeon
 16631 | D:15     | Found a staircase to the Depths.
 16642 | D:15     | Reached skill level 15 in Armour
 16813 | D:15     | Reached XP level 14. HP: 55/135 MP: 13/13
 17739 | Depths:1 | Entered Level 1 of the Depths
 17773 | Depths:1 | Received a gift from Trog
 17866 | Depths:1 | Noticed a lich
 17883 | Depths:1 | Killed a lich
 17968 | Depths:1 | Noticed a white very ugly thing
 17968 | Depths:1 | Noticed a white very ugly thing
 17969 | Depths:1 | Noticed a white very ugly thing
 17970 | Depths:1 | Noticed a white very ugly thing
 17970 | Depths:1 | Noticed a white very ugly thing
 17974 | Depths:1 | Noticed a vampire knight
 17977 | Depths:1 | Killed a cyan very ugly thing
 17979 | Depths:1 | Noticed a frost giant
 17984 | Depths:1 | Killed a white very ugly thing
 18000 | Depths:1 | Mangled by a vampire knight

Illustrated notes

Levels and vault maps discovered:
D:1:      onia_arrival_handbag, layout_basic
D:2:      layout_rooms, uniq_sigmund
D:3:      layout_rooms, old_standard_altar, overflow_temple_1_default,
          serial_curves, eino_curves_03, eino_curves_03, eino_curves_03
D:4:      layout_loops_ring, lemuel_crystal_altar
D:5:      layout_basic, grunt_temple_overflow_champion_of_chaos,
          minmay_temple_entry_purple_smoke, uniq_eustachio
D:6:      layout_layer_cave, slow_altar_2, grunt_gozag_statues, uniq_maggie
D:7:      layout_layer_cave, trog_ov_bears_minmay,
          ebering_ghost_reflecting_pool, minmay_three_doors
D:8:      layout_rooms, basic_altar
D:9:      layout_cave_pods, lemuel_doored_altar, gammafunk_ghost_nasty_kobolds
D:10:     layout_basic, erik_lair_orcish_takeover, chequers_big_river,
          minivault_20, uniq_erica
D:11:     layout_cave_pools, orc_0_dummy, serial_shops,
          nicolae_shop_overgrown_old_shop
D:12:     layout_loops_cross, uniq_josephine
D:13:     layout_big_octagon
D:14:     layout_roguey [special_room_bee], david_vaults_1, minmay_fountain_box,
          gammafunk_ghost_split, uniq_roxanne
D:15:     grunt_enter_depths_magical_seal, layout_rooms, serial_aquarium,
          aquarium_bridge_straight [aquarium_subvault_bridge,
          aquarium_subvault_wall, aquarium_subvault_bridge,
          aquarium_subvault_balcony], aquarium_window_1, aquarium_window_1,
          aquarium_window_corridor_1, aquarium_window_1, aquarium_view_2b,
          aquarium_view_2b, aquarium_balcony_5a, aquarium_pool_2
Depths:1: layout_basic, rand_demon_pan_entry_9, hell_entry,
          chequers_serial_rivers_small_b, hex_tiny, st_stairs_8,
          kennysheep_generic_room_7

Skill      XL: |  1  2  3  4  5  6  7  8  9 10 11 12 13 14 |
---------------+-------------------------------------------+-----
Maces & Flails | 4 5 6 7 8 9 12 13 14 16 17 | 17.8
Fighting       | 4 5 6 7 8 10 11 13 15 16 | 16.1
Armour         | 3 4 6 8 9 10 12 13 15 | 15.9
Stealth        | 1 2 |  2.9
Dodging        | 3 |  3.3
Bows           | 1 2 |  2.7
Evocations     | |  0.1

Action                   |  1- 3 |  4- 6 |  7- 9 | 10-12 | 13-15 || total
-------------------------+-------+-------+-------+-------+-------++-------
Melee: Mace              |    88 |   102 |    51 |       |       ||   241
       Headbutt          |    11 |    19 |    54 |   136 |    94 ||   314
       Flail             |       |       |   199 |   309 |       ||   508
       Shortbow          |       |       |     1 |       |       ||     1
       Dire flail        |       |       |       |   335 |   383 ||   718
 Fire: Shortbow          |       |       |     3 |     5 |       ||     8
Invok: Berserk           |       |     2 |     5 |     9 |     8 ||    24
Evoke: Wand              |       |       |       |     2 |       ||     2
  Use: Scroll            |       |     4 |     4 |    13 |     7 ||    28
       Potion            |       |       |     3 |     3 |     1 ||     7
 Stab: Distracted        |     1 |       |       |       |       ||     1
Armor: Animal skin       |     6 |       |       |       |       ||     6
       Plate armour      |    32 |    55 |   146 |    80 |       ||   313
       Gold dragon scale |       |       |       |   347 |   238 ||   585
Dodge: Dodged            |    66 |    72 |   164 |   347 |   224 ||   873
